General information
- name: BNet
- type: Ladder team game (AT/RT)
- host: Battle.net
- saver: butter15
map: Dragonblight
- players: 6
- length: 08:47
- speed: Fast
- version: 1.26 W3XP
- replay type:

» download(61 KB)
Players
team 1 (winner)
butter15 (
teal | 106 APM | 933 actions | 08:47)
2 Blademaster
1 Wind Walk
1 Critical Strike
» actions
| Assign group hotkey | 5 | |
| Basic commands | 3 | |
| Build / train | 23 | |
| Enter build submenu | 32 | |
| Enter hero's abilities submenu | 2 | |
| Give item / drop item | 1 | |
| Right click | 605 | |
| Select / deselect | 106 | |
| Select group hotkey | 31 | |
| Use ability | 125 | |
933 total
» units
» buildings
| Altar of Storms | 1 | |
| Orc Burrow | 2 | |
| War Mill | 1 | |
| Watch Tower | 20 | |
| Voodoo Lounge | 2 | |
| Stronghold | 3 | |
| Fortress | 1 | |
30 total
» build order
00:07 Altar of Storms
00:19 Orc Burrow
00:35 War Mill
01:48 Watch Tower
02:06 Watch Tower
02:30 Voodoo Lounge
02:32 Voodoo Lounge
03:06 Watch Tower
03:11 Watch Tower
03:14 Stronghold
03:14 Stronghold
04:02 Watch Tower
04:20 Orc Burrow
04:28 Watch Tower
04:47 Watch Tower
04:51 Watch Tower
04:59 Watch Tower
05:37 Watch Tower
05:57 Watch Tower
07:15 Watch Tower
07:17 Watch Tower
07:33 Watch Tower
07:59 Fortress
08:04 Watch Tower
08:04 Watch Tower
08:21 Watch Tower
08:23 Watch Tower
08:40 Watch Tower
08:42 Watch Tower
» items
| Boots of Speed | 1 | |
| Staff of Teleportation | 1 | |
2 total
Tight_Jeans (
purple | 69 APM | 605 actions | 08:47)
2 Goblin Tinker
1 Pocket Factory
1 Engineering Upgrade
» actions
| Basic commands | 51 | |
| Build / train | 27 | |
| Enter build submenu | 8 | |
| Enter hero's abilities submenu | 2 | |
| Right click | 382 | |
| Select / deselect | 116 | |
| Use ability | 19 | |
605 total
» units
» buildings
| Altar of Elders | 1 | |
| Moon Well | 6 | |
| Tree of Ages | 1 | |
| Tree of Life | 1 | |
9 total
» build order
00:05 Altar of Elders
00:19 Moon Well
01:05 Moon Well
02:49 Moon Well
04:14 Moon Well
04:34 Tree of Ages
05:46 Moon Well
07:15 Moon Well
08:00 Tree of Life
unbelievabliggy (
blue | 129 APM | 1130 actions | 08:47)
2 Archmage
1 Blizzard
1 Brilliance Aura
» actions
| Assign group hotkey | 336 | |
| Basic commands | 9 | |
| Build / train | 43 | |
| Enter build submenu | 35 | |
| Enter hero's abilities submenu | 2 | |
| Remove unit from queue | 2 | |
| Right click | 416 | |
| Select / deselect | 108 | |
| Select group hotkey | 130 | |
| Use ability | 49 | |
1130 total
» units
» upgrades
» buildings
| Altar of Kings | 1 | |
| Farm | 4 | |
| Lumber Mill | 2 | |
| Scout Tower | 26 | |
| Arcane Tower | 5 | |
| Guard Tower | 13 | |
| Arcane Vault | 2 | |
| Keep | 1 | |
| Castle | 1 | |
55 total
» build order
00:03 Altar of Kings
00:21 Farm
00:38 Farm
00:49 Lumber Mill
01:11 Farm
01:31 Scout Tower
01:35 Scout Tower
01:45 Scout Tower
01:49 Scout Tower
02:03 Arcane Tower
02:14 Arcane Tower
02:14 Arcane Tower
02:30 Guard Tower
02:31 Scout Tower
02:33 Scout Tower
03:05 Guard Tower
03:06 Scout Tower
03:07 Scout Tower
03:08 Guard Tower
03:09 Guard Tower
03:10 Scout Tower
03:44 Guard Tower
03:45 Scout Tower
03:46 Scout Tower
03:53 Guard Tower
03:58 Arcane Vault
04:20 Guard Tower
04:21 Scout Tower
04:23 Guard Tower
05:07 Keep
05:11 Guard Tower
05:13 Guard Tower
05:18 Scout Tower
05:25 Scout Tower
05:26 Scout Tower
05:29 Scout Tower
05:30 Scout Tower
05:31 Scout Tower
05:32 Scout Tower
05:38 Farm
05:45 Scout Tower
05:46 Scout Tower
05:47 Scout Tower
06:00 Arcane Vault
06:04 Scout Tower
06:07 Guard Tower
06:48 Arcane Tower
07:03 Guard Tower
07:26 Guard Tower
07:34 Lumber Mill
07:47 Castle
08:11 Scout Tower
08:13 Arcane Tower
08:15 Scout Tower
08:36 Scout Tower
team 2 (loser)
I-LoVe-AiR (
yellow | 67 APM | 586 actions | 08:46)
2 Blademaster
1 Wind Walk
1 Critical Strike
» actions
| Assign group hotkey | 4 | |
| Build / train | 47 | |
| Enter build submenu | 19 | |
| Enter hero's abilities submenu | 2 | |
| Give item / drop item | 1 | |
| Remove unit from queue | 2 | |
| Right click | 356 | |
| Select / deselect | 86 | |
| Select group hotkey | 17 | |
| Use ability | 52 | |
586 total
» units
» upgrades
» buildings
| Altar of Storms | 1 | |
| Orc Burrow | 1 | |
| Voodoo Lounge | 1 | |
| War Mill | 1 | |
| Stronghold | 2 | |
| Watch Tower | 15 | |
| Fortress | 3 | |
24 total
» build order
00:23 Altar of Storms
00:27 Orc Burrow
01:08 Voodoo Lounge
01:40 War Mill
02:50 Stronghold
03:17 Watch Tower
03:36 Watch Tower
03:54 Watch Tower
03:57 Watch Tower
05:37 Watch Tower
06:03 Watch Tower
06:04 Watch Tower
07:31 Watch Tower
07:33 Watch Tower
07:33 Watch Tower
07:52 Fortress
07:53 Fortress
07:58 Watch Tower
08:00 Watch Tower
08:01 Watch Tower
08:22 Watch Tower
» items
| Healing Salve | 2 | |
| Lesser Clarity Potion | 4 | |
| Scroll of Speed | 1 | |
| Boots of Speed | 1 | |
| Staff of Teleportation | 1 | |
9 total
P[y]P (
pink | 87 APM | 757 actions | 08:41)
1 Warden
1 Shadow Strike
» actions
| Build / train | 33 | |
| Enter build submenu | 23 | |
| Enter hero's abilities submenu | 1 | |
| Right click | 537 | |
| Select / deselect | 87 | |
| Use ability | 76 | |
757 total
» units
» buildings
| Altar of Elders | 1 | |
| Moon Well | 9 | |
| Hunter's Hall | 1 | |
| Ancient Protector | 7 | |
| Ancient of War | 1 | |
| Tree of Ages | 2 | |
21 total
» build order
00:06 Altar of Elders
00:19 Moon Well
01:15 Hunter's Hall
01:39 Moon Well
02:34 Moon Well
02:47 Ancient Protector
02:50 Ancient Protector
03:02 Ancient Protector
03:37 Ancient Protector
03:38 Ancient Protector
03:52 Moon Well
04:58 Moon Well
05:18 Moon Well
05:21 Moon Well
05:38 Ancient of War
05:55 Moon Well
07:56 Moon Well
08:12 Ancient Protector
08:14 Ancient Protector
08:25 Tree of Ages
08:25 Tree of Ages
» items
| Lesser Clarity Potion | 3 | |
| Scroll of Speed | 2 | |
| Dust of Appearance | 3 | |
| Boots of Speed | 2 | |
10 total
x3o.PehniS (
orange | 56 APM | 493 actions | 08:47)
1 Firelord
1 Summon Lava Spawn
» actions
| Build / train | 36 | |
| Enter build submenu | 9 | |
| Enter hero's abilities submenu | 1 | |
| Right click | 332 | |
| Select / deselect | 66 | |
| Use ability | 49 | |
493 total
» units
» buildings
| Altar of Kings | 1 | |
| Farm | 2 | |
| Arcane Vault | 1 | |
| Scout Tower | 28 | |
| Arcane Tower | 3 | |
| Lumber Mill | 1 | |
| Keep | 1 | |
| Guard Tower | 9 | |
46 total
» build order
00:22 Altar of Kings
00:34 Farm
01:08 Arcane Vault
01:32 Farm
03:03 Scout Tower
03:14 Scout Tower
03:15 Scout Tower
03:16 Scout Tower
03:16 Scout Tower
03:18 Scout Tower
03:21 Arcane Tower
03:33 Lumber Mill
03:44 Keep
03:53 Arcane Tower
04:57 Arcane Tower
04:59 Guard Tower
05:01 Guard Tower
05:02 Guard Tower
05:06 Scout Tower
05:07 Scout Tower
05:09 Scout Tower
05:10 Scout Tower
05:12 Scout Tower
05:12 Scout Tower
05:13 Scout Tower
05:14 Scout Tower
05:16 Scout Tower
05:18 Scout Tower
05:19 Scout Tower
05:20 Scout Tower
05:21 Scout Tower
05:22 Scout Tower
05:25 Scout Tower
05:26 Scout Tower
05:30 Scout Tower
05:31 Scout Tower
05:32 Scout Tower
05:35 Scout Tower
05:36 Scout Tower
05:37 Scout Tower
08:27 Guard Tower
08:27 Guard Tower
08:27 Guard Tower
08:31 Guard Tower
» items
| Lesser Clarity Potion | 4 | |
| Scroll of Regeneration | 2 | |
| Mechanical Critter | 2 | |
| Potion of Mana | 2 | |
| Potion of Healing | 2 | |
12 total
Chat log
(01:16 / All) unbelievabliggy: cowabunga dudes
(01:37 / All) unbelievabliggy: Dudes???
(01:52 / All) unbelievabliggy: seriously
(01:53 / All) unbelievabliggy: dudes
(01:56 / All) unbelievabliggy: you ok?
(02:59 / All) unbelievabliggy: Hey
(03:01 / All) unbelievabliggy: you got a bad hero
(03:30 / All) unbelievabliggy: i have blizzard
(03:31 / All) unbelievabliggy: fyi
(08:45 / All) butter15: ok
(08:47 / All) butter15: well